[Event "Czech Youth U14 Boys 2024"]
[Site "Kouty nad Desnou"]
[Date "2024.03.12"]
[Round "5.7"]
[White "Komarek, Tobias"]
[Black "Macosek, Alex"]
[Result "1-0"]
[ECO "A41"]
[WhiteElo "1822"]
[BlackElo "1781"]
[Annotator "NA RC"]
[PlyCount "105"]
[EventDate "2024.03.10"]
[EventType "swiss"]
[EventCountry "CZE"]
[SourceTitle "playchess.com"]
[Source "ChessBase"]
[SourceQuality "1"]
[TimeControl "40/5400+30:1800+30"]

1. d4 d6 2. c4 e5 3. dxe5 dxe5 4. Qxd8+ Kxd8 5. Nc3 c6 6. Be3 {[%emt 0:06:47] A41: 1 d4 d6: Tartakower System and Modern Defence.} Be6 7. O-O-O+ Kc7 8. b3 (8. g3 $1 $15) 8... Ba3+ 9. Kb1 Na6 10. Bc1 Bc5 11. e3 f6 12. Bb2 Nh6 13. h3 Rhd8 14. Bd3 Bf5 15. Bxf5 Nxf5 16. a3 Be7 17. b4 Nd6 18. c5 Nc4 19. Nge2 Rxd1+ 20. Rxd1 Rd8 21. Rxd8 Kxd8 22. Ng3 Kd7 23. Kc2 Nxb2 24. Kxb2 Ke6 25. Nge4 f5 26. Nd2 e4 27. Nb3 Kd7 28. Nd4 g6 29. g4 Bf6 30. gxf5 Bxd4 31. exd4 gxf5 32. Kc2 Nc7 33. Kd2 Ke6 34. Ke3 h6 35. Kf4 Kf6 $11 36. Ke3 Kg5 37. f3 Nd5+ 38. Nxd5 cxd5 39. b5 Kf6 40. a4 Ke7 41. a5 a6 42. c6 Kd8 43. cxb7 Kc7 44. bxa6 Kb8 45. fxe4 fxe4 46. h4 Ka7 47. Ke2 Kb8 48. h5 Ka7 49. Ke3 Kb8 50. Kf4 Ka7 51. Ke5 e3 52. Kd6 Kb8 53. Kc6 1-0

[Event "Czech Youth U14 Boys 2024"]
[Site "Kouty nad Desnou"]
[Date "2024.03.12"]
[Round "5.8"]
[White "Pogorelskiy, Boris"]
[Black "Srba, Daniel"]
[Result "1-0"]
[ECO "D35"]
[WhiteElo "1747"]
[BlackElo "1742"]
[Annotator "NA RC"]
[PlyCount "67"]
[EventDate "2024.03.10"]
[EventType "swiss"]
[EventCountry "CZE"]
[SourceTitle "playchess.com"]
[Source "ChessBase"]
[SourceQuality "1"]
[TimeControl "40/5400+30:1800+30"]

1. d4 d5 2. c4 e6 3. Nc3 Nf6 4. cxd5 exd5 5. Bg5 Be7 6. e3 O-O 7. Bd3 Nbd7 8. Nf3 b6 9. O-O Bb7 10. h3 c5 11. Bf4 a6 12. a4 Ne4 13. Bc2 Ndf6 14. Ne5 Nxc3 15. bxc3 Ne4 16. Bxe4 dxe4 17. Rb1 cxd4 18. cxd4 b5 19. axb5 axb5 20. Rxb5 Ba6 21. Nc6 Qd7 22. Nxe7+ Qxe7 23. Re5 Qa3 24. Re1 Bd3 25. Rc5 Ra7 26. Qg4 g6 27. Bh6 f5 28. Qg3 Qb4 29. Rec1 Re8 30. Rxf5 Qe7 31. Re5 Qf7 32. Rxe8+ Qxe8 33. Rc7 Ra1+ 34. Kh2 1-0

[Event "Czech Youth U14 Boys 2024"]
[Site "Kouty nad Desnou"]
[Date "2024.03.12"]
[Round "5.9"]
[White "Stara, Zuzana"]
[Black "Svadlenka, Dominik"]
[Result "1-0"]
[ECO "B12"]
[WhiteElo "1807"]
[BlackElo "1888"]
[Annotator "NA RC"]
[PlyCount "103"]
[EventDate "2024.03.10"]
[EventType "swiss"]
[EventCountry "CZE"]
[SourceTitle "playchess.com"]
[Source "ChessBase"]
[SourceQuality "1"]
[TimeControl "40/5400+30:1800+30"]

1. e4 c6 2. d4 d5 3. e5 c5 4. dxc5 e6 5. a3 Bxc5 6. Nf3 {[%emt 0:00:19] B12: Caro-Kann: Advance Variation.} Nd7 7. b4 Be7 8. Bb2 a5 9. b5 Nc5 {[%emt 0:03:36] 9...f6 is the modern continuation.} 10. Nc3 $146 ({Predecessor:} 10. a4 b6 11. Bd3 Bb7 12. O-O Nh6 13. Nbd2 Rc8 14. Nb3 Nxd3 15. cxd3 Nf5 16. d4 {1-0 Gatterer,F (2167)-Mouhamad,J (2264) Titled Tuesday intern op 02nd Aug Early blitz 2022 (6)}) 10... Qc7 11. Ne2 f6 (11... a4 $15) 12. Nf4 Na4 (12... Nh6 $11) 13. Bd4 Bc5 {[%emt 0:04:11] [#]} (13... Nh6 $16 {is a better defense.}) 14. Be2 $2 (14. b6 $1 $18 Nxb6 (14... Qxb6 $2 {ist das falsche Schlagen.} 15. Rb1 $18) 15. Bb5+ Ke7 16. O-O) 14... Bxd4 15. Qxd4 Qc3+ 16. Qxc3 Nxc3 17. a4 Nxe2 (17... Bd7 $5) 18. Nxe2 Ne7 19. Nc1 (19. c4 $11) 19... b6 20. Nd3 Bb7 21. Nd4 Kf7 22. Kd2 Rhe8 23. Rhe1 Nf5 24. Nxf5 exf5 25. c3 d4 26. cxd4 (26. c4 $14 Bxg2 27. e6+ Ke7 (27... Rxe6 $2 {is the wrong capture.} 28. Rxe6 Kxe6 29. Nf4+ Kd6 30. Nxg2 $18) 28. c5 bxc5 29. Rg1 (29. Nxc5 Rec8 $11)) 26... Rad8 27. exf6 Rxe1 28. Rxe1 Kxf6 29. Ke3 Bxg2 ({Much weaker is} 29... f4+ $6 30. Nxf4 (30. Kxf4 Rxd4+ 31. Ke3 Rxa4 $17) 30... Re8+ 31. Kd2 Rxe1 32. Kxe1 $16) 30. Ne5 Bd5 31. Rc1 h5 $2 ({Viel schwächer wäre} 31... g5 $6 32. Rc7 Ke6 33. Rxh7 $16) (31... Re8 $11 {und Schwarz steht sicher.}) 32. Rc7 h4 33. Nd7+ Kg5 (33... Ke6 $142 34. Nxb6 Re8) 34. Nxb6 Re8+ 35. Kd2 Bf3 36. Rxg7+ Kf4 37. Kd3 Re6 38. Nc4 Be4+ 39. Kc3 Kf3 40. b6 Kxf2 41. b7 ({Weaker is} 41. Nxa5 Rxb6 42. Nb3 Bg2 $11) 41... Re8 42. Nd6 Rb8 43. Nxe4+ fxe4 44. Re7 e3 45. Kd3 h3 46. d5 ({Weaker is} 46. Rxe3 Rxb7 47. Re2+ (47. Rxh3 Rb3+ 48. Kc4 Rxh3 $19) 47... Kf3 $18) 46... Kg2 47. d6 Rd8 48. Kxe3 Kxh2 49. Rg7 Kh1 50. Ke4 h2 51. Rh7 Kg2 52. Kd5 1-0

[Event "Czech Youth U14 Boys 2024"]
[Site "Kouty nad Desnou"]
[Date "2024.03.12"]
[Round "5.10"]
[White "Migalko, Dmitriy"]
[Black "Jezek, Jakub"]
[Result "1-0"]
[ECO "B50"]
[WhiteElo "1896"]
[BlackElo "1854"]
[Annotator "NA RC"]
[PlyCount "71"]
[EventDate "2024.03.10"]
[EventType "swiss"]
[EventCountry "CZE"]
[SourceTitle "playchess.com"]
[Source "ChessBase"]
[SourceQuality "1"]
[TimeControl "40/5400+30:1800+30"]

1. e4 c5 2. Nf3 d6 3. Nc3 e5 4. g3 Nf6 5. Bg2 Be7 6. O-O {[%emt 0:01:07] B50: Sicilian: 2...d6, Miscellaneous.} Nc6 7. d3 Rb8 8. Bg5 Be6 9. Ne1 Nd4 10. f4 b5 (10... exf4 $11 11. gxf4 h6 12. Bxf6 Bxf6) 11. fxe5 (11. f5 $14 Bd7 12. Bxf6 Bxf6 13. Nd5) 11... dxe5 12. Bxf6 Bxf6 13. Nd5 Be7 14. c3 Nc6 15. Nc2 b4 (15... O-O $11) 16. Nce3 O-O 17. Nc4 f5 (17... Qd7 $11 {remains equal.}) 18. Nxe7+ Qxe7 19. exf5 Bxc4 20. dxc4 ({Resist} 20. Bxc6 $6 Rbd8 $14) 20... Na5 (20... Rbd8 {was worth a try.} 21. Qf3 Rf6) 21. cxb4 Rxb4 22. Qd5+ Kh8 23. b3 Rb6 24. Qd2 Nc6 25. Bxc6 Rxc6 26. Rad1 h6 27. Qd7 Rc7 $18 28. Qxe7 Rxe7 29. Rd5 Rc8 30. f6 gxf6 31. Rxf6 Kg7 32. Rf5 e4 33. Rxc5 Rd8 34. Rcd5 Rde8 35. Kf2 Kg6 36. Ke3 1-0

[Event "Czech Youth U14 Boys 2024"]
[Site "Kouty nad Desnou"]
[Date "2024.03.12"]
[Round "5.11"]
[White "Gregor, Alexandr"]
[Black "Trcalek, Filip"]
[Result "1-0"]
[ECO "C50"]
[WhiteElo "1777"]
[BlackElo "1615"]
[Annotator "NA RC"]
[PlyCount "73"]
[EventDate "2024.03.10"]
[EventType "swiss"]
[EventCountry "CZE"]
[SourceTitle "playchess.com"]
[Source "ChessBase"]
[SourceQuality "1"]
[TimeControl "40/5400+30:1800+30"]

1. e4 e5 2. Nf3 Nc6 3. Bc4 Bc5 4. O-O Nf6 5. d4 Bxd4 6. Nxd4 Nxd4 7. Bg5 d6 8. f4 h6 9. Bxf6 gxf6 10. fxe5 dxe5 11. Qh5 Qe7 12. Nc3 c6 13. Rf2 Kf8 14. Raf1 f5 15. exf5 f6 16. Ne4 b5 17. Be6 Qg7 18. Bxc8 Rxc8 19. c3 c5 20. cxd4 cxd4 21. Rf3 Rc6 22. Rg3 Qc7 23. Rg6 Qb6 24. Rxh6 Rxh6 25. Qxh6+ Kf7 26. Qg6+ Ke7 27. Qg7+ Ke8 28. h4 d3+ 29. Kh2 d2 30. Nxd2 Qd4 31. Qg6+ Ke7 32. Nf3 Qd3 33. Re1 Rc2 34. Rxe5+ Kd7 35. Qxf6 Kc7 36. Re7+ Kb8 37. Qa6 1-0

[Event "Czech Youth U14 Boys 2024"]
[Site "Kouty nad Desnou"]
[Date "2024.03.12"]
[Round "5.12"]
[White "Lorenc, Matej"]
[Black "Stary, Vojtech"]
[Result "1-0"]
[ECO "B49"]
[WhiteElo "1637"]
[BlackElo "1950"]
[Annotator "RC"]
[PlyCount "127"]
[EventDate "2024.03.10"]
[EventType "swiss"]
[EventCountry "CZE"]
[SourceTitle "playchess.com"]
[Source "ChessBase"]
[SourceQuality "1"]
[TimeControl "40/5400+30:1800+30"]

1. e4 c5 2. Nf3 e6 3. d4 cxd4 4. Nxd4 Nc6 5. Nc3 Qc7 6. Be3 a6 7. Be2 Nf6 8. O-O Be7 9. Qd2 O-O 10. f4 b5 11. e5 Ne8 12. Nxc6 dxc6 13. Ne4 c5 14. c4 Bb7 15. Bf3 b4 16. Qf2 Rc8 17. Rfd1 f6 18. Nd6 Bxd6 19. Bxb7 fxe5 20. Bxc8 Qxc8 21. Qc2 exf4 22. Bf2 Rf6 23. Qe4 Rg6 24. Rd3 Kf7 25. Rad1 Nf6 26. Qf3 Bc7 27. Qc6 f3 28. Rd7+ Nxd7 29. Rxd7+ Kg8 30. Qxc7 Rxg2+ 31. Kf1 Qxc7 32. Rxc7 Rxh2 33. Rxc5 h5 34. Re5 Rh1+ 35. Bg1 Rh4 36. b3 Rf4 37. Kf2 h4 38. Re3 Rd4 39. Kxf3 g5 40. Rxe6 Rd3+ 41. Be3 Kf7 42. Re5 Kf6 43. Rxg5 Rxe3+ 44. Kxe3 Kxg5 45. Kf2 Kf4 46. Kg2 Ke4 47. Kh3 Kd4 48. Kxh4 a5 49. Kg3 a4 50. Kf3 axb3 51. axb3 Kc3 52. c5 Kxb3 53. c6 Ka2 54. c7 b3 55. c8=Q b2 56. Qa6+ Kb3 57. Qd3+ Ka2 58. Qc2 Ka1 59. Qa4+ Kb1 60. Ke2 Kc1 61. Qc4+ Kb1 62. Kd2 Ka1 63. Qa4+ Kb1 64. Kc3 1-0

[Event "Czech Youth U14 Boys 2024"]
[Site "Kouty nad Desnou"]
[Date "2024.03.13"]
[Round "6.1"]
[White "Krivka, Matej"]
[Black "Soucek, Andrej"]
[Result "0-1"]
[ECO "C56"]
[WhiteElo "1850"]
[BlackElo "1825"]
[Annotator "NA"]
[PlyCount "64"]
[EventDate "2024.03.10"]
[EventType "swiss"]
[EventCountry "CZE"]
[SourceTitle "playchess.com"]
[Source "ChessBase"]
[SourceQuality "1"]
[TimeControl "40/5400+30:1800+30"]

1. e4 e5 2. Nf3 Nc6 3. d4 exd4 4. Bc4 Nf6 5. O-O Nxe4 6. Re1 d5 7. Bxd5 Qxd5 8. Nc3 Qh5 9. Nxe4 Be6 10. Bg5 Bd6 11. Nxd6+ cxd6 12. Bf4 Qd5 13. c3 {[%emt 0:03:14] C56: Two Knights: 4 d4 exd4 5 0-0 Nxe4.} Rc8 14. Nxd4 Nxd4 15. Qxd4 Qxd4 16. cxd4 Kd7 17. Rec1 Rxc1+ 18. Rxc1 Bxa2 19. Ra1 Bd5 20. Rxa7 Rc8 21. Ra5 Ke6 22. Rb5 Rc4 23. Be3 f5 24. h4 Bc6 25. Rb3 Kd5 26. Kh2 b5 27. Kg3 Rc2 28. Rb4 Rc4 $11 29. Rb3 b4 30. Bd2 Rxd4 31. Bxb4 Ba4 32. Re3 f4+ 0-1

[Event "Czech Youth U14 Boys 2024"]
[Site "Kouty nad Desnou"]
[Date "2024.03.13"]
[Round "6.2"]
[White "Mydlar, Matej"]
[Black "Kroulik, Vaclav"]
[Result "0-1"]
[ECO "B89"]
[WhiteElo "1819"]
[BlackElo "1936"]
[Annotator "RC"]
[PlyCount "76"]
[EventDate "2024.03.10"]
[EventType "swiss"]
[EventCountry "CZE"]
[SourceTitle "playchess.com"]
[Source "ChessBase"]
[SourceQuality "1"]
[TimeControl "40/5400+30:1800+30"]

1. e4 c5 2. Nf3 d6 3. d4 cxd4 4. Nxd4 Nf6 5. Nc3 Nc6 6. Bc4 e6 7. Be3 a6 8. Bb3 Be7 9. O-O O-O 10. f4 Nxd4 11. Bxd4 b5 12. a3 Qc7 13. Qe2 Qb7 14. Rad1 e5 15. fxe5 dxe5 16. Bxe5 Bg4 17. Qf2 Bxd1 18. Bxf6 Bxf6 19. Bd5 Qd7 20. Rxd1 Rac8 21. Bb3 Qg4 22. h3 Qh4 23. Nd5 Qxf2+ 24. Kxf2 Bg5 25. Kf3 Rfe8 26. g3 Rc6 27. h4 Bf6 28. Kf4 Be5+ 29. Ke3 h5 30. Nf4 Bxb2 31. Rd7 Rf8 32. Nxh5 Bxa3 33. e5 Bb2 34. Ke4 g6 35. Nf6+ Kg7 36. Nd5 Re6 37. Nc3 Ree8 38. Rd3 b4 0-1

[Event "Czech Youth U14 Boys 2024"]
[Site "Kouty nad Desnou"]
[Date "2024.03.13"]
[Round "6.3"]
[White "Popov, Roman"]
[Black "Svadlenka, Michal"]
[Result "1-0"]
[ECO "B08"]
[WhiteElo "2353"]
[BlackElo "1869"]
[Annotator "TA"]
[PlyCount "49"]
[EventDate "2024.03.10"]
[EventType "swiss"]
[EventCountry "CZE"]
[SourceTitle "playchess.com"]
[Source "ChessBase"]
[SourceQuality "1"]
[TimeControl "40/5400+30:1800+30"]

1. d4 Nf6 2. Nf3 g6 3. Nc3 Bg7 4. e4 d6 5. Be2 O-O 6. O-O Nbd7 7. e5 Ne8 8. Bf4 Nb6 9. h3 c6 10. a4 {[%emt 0:11:19][%cal Ba2a4,Ba4a5][%mdl 32] Weiß steht aktiver. Weiß steht etwas besser.} dxe5 11. dxe5 Nc7 12. Bg5 ({Besser ist} 12. a5 $16 Qxd1 13. Rfxd1) 12... f6 (12... Nd7 $11) 13. Bh4 Be6 14. Nd4 Bf7 15. a5 $36 {[%emt 0:05:04][%mdl 2048] Weiss drückt.} Nbd5 16. Nxd5 Qxd5 17. Bf3 Qd7 {[%emt 0:03:18] [#]} ({Viel schwächer wäre} 17... Qxe5 $6 18. Bg3 Qc5 19. Bxc7 $16) (17... Qc5 $11 {und Schwarz muss sich keine Sorgen machen.} 18. exf6 exf6) 18. Nxc6 $1 $18 Qe8 19. Nb4 (19. exf6 $18 Bxf6 20. Bxf6 exf6 21. Qd6 bxc6 22. Qxc7) 19... Qb5 20. c3 g5 21. exf6 exf6 {[%emt 0:00:39][%cal Oa8d8] [#] Droht stark ...Rad8!} 22. Bg3 Ne6 (22... Rad8 $16) 23. Be2 Qc5 (23... Qe8 {ist eine bessere Verteidigung.} 24. Bd6 Kh8) 24. Bd6 Qf5 (24... Qc8 $142 25. Bxf8 Qxf8) 25. Bd3 {[%emt 0:00:42] Gewichteter Fehlerwert: Weiß=0.20 (präzise) /Schwarz=0.50.  Verlustzug:     	---       	Schwarz=2     Fehler:       	Weiß=2     	Schwarz=3     Ungenau:       	Weiß=1     	Schwarz=2     OK:         	Weiß=8     	Schwarz=2     Bester:       	Weiß=1     	---} 1-0

[Event "Czech Youth U14 Boys 2024"]
[Site "Kouty nad Desnou"]
[Date "2024.03.13"]
[Round "6.4"]
[White "Sotek, Simon"]
[Black "Martirosyan, David"]
[Result "0-1"]
[ECO "B62"]
[WhiteElo "1793"]
[BlackElo "1981"]
[Annotator "RC"]
[PlyCount "98"]
[EventDate "2024.03.10"]
[EventType "swiss"]
[EventCountry "CZE"]
[SourceTitle "playchess.com"]
[Source "ChessBase"]
[SourceQuality "1"]
[TimeControl "40/5400+30:1800+30"]

1. e4 c5 2. Nf3 d6 3. d4 cxd4 4. Nxd4 Nf6 5. Nc3 Nc6 6. Bg5 e6 7. g3 a6 8. Nxc6 bxc6 9. Bg2 Bb7 10. O-O Be7 11. a4 a5 12. Qd3 Ba6 13. Qd2 Bxf1 14. Rxf1 O-O 15. Kh1 d5 16. exd5 exd5 17. Qd3 h6 18. Bf4 Bd6 19. Be3 Re8 20. f3 Qb8 21. f4 Qb4 22. Bd4 Nd7 23. Bh3 Nc5 24. Bxc5 Bxc5 25. Bd7 Re3 26. Qd2 Qb6 27. Nd1 Re7 28. Bf5 Rae8 29. Bd3 Bb4 30. c3 Bc5 31. Kg2 Qb3 32. f5 f6 33. Rf4 Re1 34. Nf2 R8e5 35. Rg4 Kh7 36. Kh3 Bxf2 37. Qxf2 Qd1 38. Bf1 Rxf1 39. Qa7 Qxg4+ 40. Kxg4 Re4+ 41. Kh3 Rxf5 42. Kg2 Re2+ 43. Kg1 Rxb2 44. Qd4 Rff2 45. Qd3+ f5 46. g4 Rbd2 47. Qb1 Rg2+ 48. Kh1 Rxh2+ 49. Kg1 Rdg2+ 0-1

[Event "Czech Youth U14 Boys 2024"]
[Site "Kouty nad Desnou"]
[Date "2024.03.13"]
[Round "6.5"]
[White "Vana, Jan"]
[Black "Pogorelskiy, Boris"]
[Result "1-0"]
[ECO "C41"]
[WhiteElo "1908"]
[BlackElo "1747"]
[Annotator "RC"]
[PlyCount "43"]
[EventDate "2024.03.10"]
[EventType "swiss"]
[EventCountry "CZE"]
[SourceTitle "playchess.com"]
[Source "ChessBase"]
[SourceQuality "1"]
[TimeControl "40/5400+30:1800+30"]

1. e4 d6 2. d4 Nf6 3. Nc3 e5 4. Nf3 Nbd7 5. Rg1 h5 6. h3 exd4 7. Qxd4 Nc5 8. Be3 Qe7 9. Nd5 Nxd5 10. exd5 Qe4 11. O-O-O Bd7 12. Re1 O-O-O 13. Qxe4 Nxe4 14. Bxa7 Nf6 15. Bc4 g6 16. Bd4 Bg7 17. Re7 Rdf8 18. Rge1 Kd8 19. Ng5 Be8 20. c3 Kc8 21. b4 Kd8 22. a4 1-0

[Event "Czech Youth U14 Boys 2024"]
[Site "Kouty nad Desnou"]
[Date "2024.03.13"]
[Round "6.6"]
[White "Kutil, Adam"]
[Black "Komarek, Tobias"]
[Result "1/2-1/2"]
[ECO "B19"]
[WhiteElo "1820"]
[BlackElo "1822"]
[Annotator "NA RC"]
[PlyCount "120"]
[EventDate "2024.03.10"]
[EventType "swiss"]
[EventCountry "CZE"]
[SourceTitle "playchess.com"]
[Source "ChessBase"]
[SourceQuality "1"]
[TimeControl "40/5400+30:1800+30"]

1. e4 c6 2. Nc3 d5 3. d4 dxe4 4. Nxe4 Bf5 5. Ng3 Bg6 6. Nf3 Nd7 7. h4 h6 8. h5 Bh7 9. Bd3 Bxd3 10. Qxd3 Ngf6 11. c4 e6 {[%emt 0:00:36] B19: Classical Caro-Kann: 4...Bf5 main line.} 12. Bf4 Bb4+ 13. Bd2 Bxd2+ 14. Qxd2 c5 15. O-O-O cxd4 16. Qb4 Qb6 17. Qxb6 Nxb6 18. Rxd4 O-O 19. Ne5 Rac8 20. b3 Nbd5 21. Kb2 Nb4 22. Nd7 Nxd7 23. Rxd7 Rb8 24. Rhd1 Nc6 25. Ne4 Rfd8 26. Nc5 b6 27. Na6 Rbc8 28. Kc3 Kf8 29. b4 Ke8 30. Rxd8+ Rxd8 31. Rxd8+ Kxd8 32. b5 Ne7 33. a4 g6 34. Kd4 Kd7 35. Ke5 Ng8 36. Nb8+ Kc7 37. Nc6 gxh5 38. Nxa7 Kd7 39. Nc6 f6+ 40. Kd4 Kd6 41. f4 (41. a5 e5+ 42. Kc3 bxa5 43. Nxa5 Ne7) 41... h4 42. a5 e5+ 43. fxe5+ fxe5+ 44. Nxe5 bxa5 45. c5+ Kc7 46. Ng6 (46. Kc4 $142 a4 47. b6+ Kd8 48. c6) 46... Nf6 47. Nxh4 a4 48. Kc4 $11 a3 49. Kb3 Ne4 50. Kxa3 Nxc5 51. Kb4 Nd3+ 52. Kc4 Nf4 53. g4 Kb6 54. Nf5 Ng2 55. Kb4 Ne1 56. Nxh6 Nd3+ 57. Ka4 Nc5+ 58. Kb4 Nd3+ 59. Kc3 Ne5 60. g5 Kxb5 1/2-1/2

[Event "Czech Youth U14 Boys 2024"]
[Site "Kouty nad Desnou"]
[Date "2024.03.13"]
[Round "6.7"]
[White "Topencik, Bruno"]
[Black "Roubal, Matyas"]
[Result "1-0"]
[ECO "E73"]
[WhiteElo "2006"]
[BlackElo "1849"]
[Annotator "RC"]
[PlyCount "97"]
[EventDate "2024.03.10"]
[EventType "swiss"]
[EventCountry "CZE"]
[SourceTitle "playchess.com"]
[Source "ChessBase"]
[SourceQuality "1"]
[TimeControl "40/5400+30:1800+30"]

1. d4 Nf6 2. c4 g6 3. Nc3 Bg7 4. e4 d6 5. Be2 O-O 6. Be3 c5 7. d5 e6 8. Nf3 exd5 9. exd5 Re8 10. O-O Bf5 11. h3 Ne4 12. Nxe4 Bxe4 13. Qd2 Qf6 14. Ng5 Bf5 15. g4 Bc8 16. Rab1 h6 17. Nf3 Nd7 18. Rfe1 g5 19. Kg2 Nf8 20. Bd3 Bd7 21. a3 Ng6 22. b4 b6 23. bxc5 dxc5 24. Re2 Qd6 25. Rbe1 Be5 26. Bxg6 Qxg6 27. Bxc5 Bf4 28. Be3 Bd6 29. Bd4 Rxe2 30. Rxe2 f5 31. Qd3 Qf7 32. Be5 fxg4 33. Bxd6 Qxf3+ 34. Qxf3 gxf3+ 35. Kxf3 Bxh3 36. Re7 Bf5 37. Bc7 Kf8 38. Re5 Bd7 39. Bd6+ Kg8 40. Re7 Bf5 41. Be5 Bc2 42. d6 Ba4 43. Rg7+ Kf8 44. Rh7 Re8 45. d7 Ra8 46. Bf6 Bxd7 47. Rxd7 Rc8 48. Rd8+ Rxd8 49. Bxd8 1-0

[Event "Czech Youth U14 Boys 2024"]
[Site "Kouty nad Desnou"]
[Date "2024.03.13"]
[Round "6.8"]
[White "Macosek, Alex"]
[Black "Stara, Zuzana"]
[Result "0-1"]
[ECO "D00"]
[WhiteElo "1781"]
[BlackElo "1807"]
[Annotator "NA RC"]
[PlyCount "86"]
[EventDate "2024.03.10"]
[EventType "swiss"]
[EventCountry "CZE"]
[SourceTitle "playchess.com"]
[Source "ChessBase"]
[SourceQuality "1"]
[TimeControl "40/5400+30:1800+30"]

1. d4 d5 2. Bf4 c5 3. e3 cxd4 4. exd4 Nc6 5. c3 Bf5 6. Nd2 f6 7. Bb5 g5 8. Bg3 h5 9. h3 e6 10. Nb3 Qd7 11. Bd3 Qh7 12. Bxf5 Qxf5 13. Qf3 Qxf3 14. Nxf3 Nh6 15. O-O-O Nf5 16. Rd3 Rc8 17. Kb1 Kf7 18. Ne1 Nxg3 19. Rxg3 Bd6 20. Re3 Bf4 21. Re2 b6 22. Nd3 Bd6 23. Rf1 g4 24. h4 Rhe8 25. f4 Ne7 26. g3 Nf5 27. Rg1 Bb8 28. Nd2 Nd6 29. Rge1 a5 30. a3 Nb5 31. Re3 Nd6 32. R3e2 Nf5 33. Nf1 Bd6 34. Ka2 b5 35. Kb3 Rb8 36. a4 b4 37. Ka2 Rbc8 38. Kb3 bxc3 39. bxc3 Rc4 40. Nb2 Rb8+ 41. Ka2 Rxc3 42. Rxe6 Ra3+ 43. Kb1 Rab3 0-1

[Event "Czech Youth U14 Boys 2024"]
[Site "Kouty nad Desnou"]
[Date "2024.03.13"]
[Round "6.9"]
[White "Gregor, Alexandr"]
[Black "Migalko, Dmitriy"]
[Result "1-0"]
[ECO "B49"]
[WhiteElo "1777"]
[BlackElo "1896"]
[Annotator "NA RC"]
[PlyCount "92"]
[EventDate "2024.03.10"]
[EventType "swiss"]
[EventCountry "CZE"]
[SourceTitle "playchess.com"]
[Source "ChessBase"]
[SourceQuality "1"]
[TimeControl "40/5400+30:1800+30"]

1. e4 c5 2. Nf3 e6 3. d4 cxd4 4. Nxd4 Nc6 5. Nc3 Qc7 6. Be3 a6 7. Be2 Nf6 8. O-O Be7 9. f4 d6 10. Bf3 O-O 11. g4 {[%emt 0:00:36] B85: Sicilian Scheveningen: 6 Be2 a6, lines with early Be3.} Nxd4 12. Bxd4 e5 13. fxe5 dxe5 14. Be3 Bc5 15. Bxc5 Qxc5+ 16. Kh1 Be6 17. g5 Rad8 18. Qe2 Bc4 19. Qf2 $1 Nd7 20. Qxc5 Nxc5 21. Rfd1 Ne6 22. Rxd8 Rxd8 23. h4 Rd2 24. Rc1 Rf2 25. Bd1 (25. Bg4 $17) 25... Rf1+ 26. Kh2 Nf4 27. Rb1 Be6 28. b3 b5 (28... Rf2+ $19 {is more deadly.} 29. Kg1 Nh3+ 30. Kh1 Rf4) 29. a3 (29. b4 $17 {was worth a try.}) 29... Re1 30. Na2 Rxe4 31. Bf3 Re3 32. Bb7 Re2+ 33. Kg1 Rxc2 34. Nb4 Rc3 35. Bxa6 Bxb3 36. Bxb5 Rg3+ (36... Be6 $17 37. a4 g6) 37. Kf2 Rg2+ 38. Kf3 Be6 $1 39. a4 f6 40. gxf6 gxf6 41. a5 Rg7 (41... Bg4+ $1 $15 42. Ke4 Kg7) 42. a6 Nd5 $2 (42... Rc7 $11 {and Black is okay.}) 43. Bc4 $18 e4+ 44. Kf2 e3+ 45. Kf3 Rd7 46. Bxd5 Rc7 1-0

[Event "Czech Youth U14 Boys 2024"]
[Site "Kouty nad Desnou"]
[Date "2024.03.13"]
[Round "6.10"]
[White "Stary, Vojtech"]
[Black "Srba, Daniel"]
[Result "1-0"]
[ECO "B20"]
[WhiteElo "1950"]
[BlackElo "1742"]
[Annotator "RC"]
[PlyCount "63"]
[EventDate "2024.03.10"]
[EventType "swiss"]
[EventCountry "CZE"]
[SourceTitle "playchess.com"]
[Source "ChessBase"]
[SourceQuality "1"]
[TimeControl "40/5400+30:1800+30"]

1. e4 c5 2. b3 d6 3. Bb5+ Bd7 4. Bxd7+ Nxd7 5. Bb2 Ngf6 6. Nc3 g6 7. f4 Bg7 8. Qf3 Rb8 9. Nge2 O-O 10. g4 e5 11. f5 g5 12. h4 gxh4 13. g5 Ne8 14. Qh5 f6 15. Qxh4 fxg5 16. Qxh7+ Kf7 17. Qg6+ Kg8 18. O-O-O Rf6 19. Qh7+ Kf8 20. Rdg1 Rf7 21. Qh5 Bf6 22. Nd5 Rg7 23. Nec3 Nb6 24. Qh8+ Rg8 25. Qh6+ Rg7 26. Rg2 Nxd5 27. Nxd5 Kf7 28. Rhg1 Nc7 29. Qh5+ Kf8 30. Nxf6 Qxf6 31. Qh8+ Ke7 32. Qxb8 1-0

[Event "Czech Youth U14 Boys 2024"]
[Site "Kouty nad Desnou"]
[Date "2024.03.13"]
[Round "6.11"]
[White "Svadlenka, Dominik"]
[Black "Lorenc, Matej"]
[Result "1-0"]
[ECO "A80"]
[WhiteElo "1888"]
[BlackElo "1637"]
[Annotator "NA RC"]
[PlyCount "61"]
[EventDate "2024.03.10"]
[EventType "swiss"]
[EventCountry "CZE"]
[SourceTitle "playchess.com"]
[Source "ChessBase"]
[SourceQuality "1"]
[TimeControl "40/5400+30:1800+30"]

1. d4 f5 2. Bg5 Nf6 3. Bxf6 exf6 4. e3 Be7 5. Bd3 d6 6. c4 {[%emt 0:00:32] A80: Holländische Verteidigung.} c5 7. d5 g6 8. Nc3 Nd7 9. f4 O-O 10. Nf3 Nb8 11. O-O Na6 12. Re1 Nc7 13. Qc2 Bd7 14. a3 Qe8 15. b4 cxb4 ({Better is} 15... b6) 16. axb4 b5 17. Nd4 bxc4 18. Bxc4 a6 19. e4 fxe4 20. Nxe4 Qf7 {[%emt 0:02:39] [#]} 21. f5 $1 Nb5 22. Bxb5 (22. Ne6 $142) 22... axb5 23. Nc3 $14 ({White should try} 23. Ne6 $16 Rxa1 24. Rxa1) 23... Rac8 24. Ne6 Bxe6 25. Rxe6 Rc7 26. Qd3 Rc4 27. Ra7 Rfc8 28. Rexe7 Qxe7 29. Rxe7 Rxc3 30. Qf1 Rc1 31. Re1 1-0

[Event "Czech Youth U14 Boys 2024"]
[Site "Kouty nad Desnou"]
[Date "2024.03.13"]
[Round "6.12"]
[White "Jezek, Jakub"]
[Black "Trcalek, Filip"]
[Result "1-0"]
[ECO "C48"]
[WhiteElo "1854"]
[BlackElo "1615"]
[Annotator "NA RC"]
[PlyCount "39"]
[EventDate "2024.03.10"]
[EventType "swiss"]
[EventCountry "CZE"]
[SourceTitle "playchess.com"]
[Source "ChessBase"]
[SourceQuality "1"]
[TimeControl "40/5400+30:1800+30"]

1. e4 e5 2. Nf3 Nc6 3. Nc3 Nf6 4. Bb5 Bc5 5. Nxe5 Nxe5 6. d4 Bd6 7. O-O O-O 8. f4 Ng6 9. e5 Be7 10. exf6 Bxf6 11. f5 Ne7 12. Ne4 Nc6 13. Nxf6+ Qxf6 14. c3 a6 15. Bd3 d6 16. Qh5 h6 17. g4 Qe7 18. f6 Qe6 19. Bf5 Qe2 20. fxg7 1-0

[Event "Czech Youth U14 Boys 2024"]
[Site "Kouty nad Desnou"]
[Date "2024.03.14"]
[Round "7.1"]
[White "Soucek, Andrej"]
[Black "Kroulik, Vaclav"]
[Result "1/2-1/2"]
[ECO "D27"]
[WhiteElo "1825"]
[BlackElo "1936"]
[Annotator "RC"]
[PlyCount "51"]
[EventDate "2024.03.10"]
[EventType "swiss"]
[EventCountry "CZE"]
[SourceTitle "playchess.com"]
[Source "ChessBase"]
[SourceQuality "1"]
[TimeControl "40/5400+30:1800+30"]

1. d4 d5 2. c4 dxc4 3. Nf3 Nf6 4. e3 e6 5. Bxc4 c5 6. O-O a6 7. dxc5 Qxd1 8. Rxd1 Bxc5 9. Be2 O-O 10. Nbd2 Nc6 11. a3 a5 12. Nc4 b6 13. Nd4 Bxd4 14. exd4 Nd5 15. Bf3 Nce7 16. Be3 Ba6 17. Rac1 Rac8 18. b3 Rc7 19. Nd6 Rxc1 20. Rxc1 Rd8 21. Nc4 Rc8 22. Ne5 Nc3 23. Nc4 Ncd5 24. Ne5 Nc3 25. Nc4 Ncd5 26. Ne5 1/2-1/2